 Dungeon Crawl Stone Soup version 0.14-a0-1969-g2c76abe (webtiles) character file.

359 4tharraofdagon the Twirler (level 6, -11/50 HPs)
             Began as a Djinni Gladiator on Jan 17, 2014.
             Mangled by a mummy (12 damage)
             ... in an ossuary.
             The game lasted 00:05:31 (948 turns).

4tharraofdagon the Twirler (Djinni Gladiator)        Turns: 948, Time: 00:05:31

HP -11/50        AC  8     Str 17      XL: 6   Next:  3%
MP   0/0         EV  6     Int  9      God:
Gold 86          SH  0     Dex 13      Spells:  0 memorised,  5 levels left

rFire  + + +     SeeInvis .     a - +1,+0 quarterstaff
rCold  x . .     Clarity  .     p - +0 orc chain mail
rNeg   + + +     Conserve .     (no shield)
rPois  .         rCorr    .     c - -1 helmet
rElec  .         rRot     .     (no cloak)
SustAb . .       Spirit   +     (no gloves)
rMut   .         Warding  .     (boots unavailable)
Saprov . . .     RndTele  +     y - amulet of guardian spirit
MR     .....                    x - ring of wizardry
                                i - cursed ring of teleportation

@: flying, not resistant to hostile enchantments, extremely unstealthy
A: fire immunity, cold vulnerability, life protection 3
a: Evoke Teleportation


You were in an ossuary.
You were not hungry.

You visited 1 branch of the dungeon, and saw 5 of its levels.
You also visited: Ossuary.

You collected 86 gold pieces.

Inventory:

Hand weapons
 a - a +1,+0 quarterstaff (weapon)
 z - a +2,+0 elven spear
Missiles
 d - 2 throwing nets (quivered)
Armour
 b - a +0 leather armour
 c - a -1 helmet (worn)
 e - a +0 chain mail
 f - a +0 chain mail
 p - a +0 orcish chain mail (worn)
Magical devices
 j - a wand of cold (5)
Scrolls
 g - a scroll of fog {unknown}
 k - a scroll of remove curse {unknown}
 n - a scroll of curse armour {unknown}
 r - 2 scrolls of enchant weapon I
 t - a scroll of magic mapping {unknown}
 u - a scroll of teleportation {unknown}
 w - a scroll of curse weapon {unknown}
Jewellery
 i - a cursed ring of teleportation (left hand)
 x - a ring of wizardry (right hand)
 y - an amulet of guardian spirit (around neck)
Potions
 h - 3 potions of curing
 l - a potion of restore abilities {unknown}
 o - a potion of paralysis {unknown}
 q - a potion of poison {unknown}
 s - a potion of degeneration {unknown}
Magical staves
 m - an uncursed staff of earth
 v - an uncursed staff of cold


   Skills:
 + Level 3.1 Fighting
 * Level 4.8 Staves
 - Level 1.7 Throwing
 + Level 2.1 Armour
 + Level 3.3 Dodging
 + Level 2.0 Evocations


You had 5 spell levels left.
You didn't know any spells.

Dungeon Overview and Level Annotations

Branches:
Dungeon (5/16)
 Temple: D:4-7

Altars:
Nemelex Xobeh


Innate Abilities, Weirdness & Mutations

You are immune to all types of fire, even holy and hellish.
You are vulnerable to cold.
You need no food.
You have no legs.
You are immune to negative energy.


Message History

The mummy is heavily damaged.
The mummy struggles against the net.
The mummy hits you! The mummy hits you!
* * * LOW HITPOINT WARNING * * *
Unknown command.
You hit the mummy.
The mummy is almost destroyed.
The mummy struggles against the net.
The mummy hits you.
* * * LOW HITPOINT WARNING * * *
Unknown command.
Your chain mail prevents you from hitting the mummy.
The mummy is almost destroyed.
The mummy struggles against the net.
The mummy hits you!
* * * LOW HITPOINT WARNING * * *
Unknown command.
Unknown command.
Drink which item? (? for menu, Esc to quit)
You feel better.
The mummy struggles against the net.
The mummy hits you!
* * * LOW HITPOINT WARNING * * *
The mummy hits you!
You die...

#####
##...##
#.....#
##MM...##
#.@M....#
#.......#
#...∩...#
#.......#
#...∩...#
#.......#
#.......#
##.....##
+.....+


You could see 3 mummies.

Vanquished Creatures
  A hound (D:4)
  2 orc priests
  A jelly (D:5)
  A worker ant (D:5)
  Jessica (D:2)
  2 adders
  3 gnolls (D:3)
  A worm zombie (D:5)
  3 giant geckos
  7 orcs
  5 bats
  A bat skeleton (D:5)
  2 giant cockroaches
  A goblin (D:3)
  3 hobgoblins
  4 jackals (D:4)
  A quokka (D:4)
  3 giant newts
  7 kobolds
  An orc skeleton (D:4)
  3 rats
53 creatures vanquished.

Notes
Turn   | Place    | Note
--------------------------------------------------------------
     0 | D:1      | 4tharraofdagon, the Djinni Gladiator, began the quest for the Orb.
     0 | D:1      | Reached XP level 1. HP: 15/15 MP: 0/0
    93 | D:1      | Reached XP level 2. EP: 18/21
   113 | D:2      | Noticed Jessica
   118 | D:2      | Killed Jessica
   118 | D:2      | Reached XP level 3. EP: 27/27
   232 | D:3      | Found a sparkling altar of Nemelex Xobeh.
   291 | D:3      | Reached skill level 1 in Armour
   291 | D:3      | Reached skill level 4 in Staves
   291 | D:3      | Reached XP level 4. EP: 30/34
   443 | D:4      | Reached skill level 1 in Evocations
   488 | D:4      | Reached XP level 5. EP: 37/41
   545 | D:5      | Entered Level 5 of the Dungeon
   877 | D:5      | Found a sand-covered staircase.
   913 | D:5      | Reached XP level 6. EP: 36/50
   938 | Ossuary  | Entered an ossuary
   948 | Ossuary  | HP: 1/50 [mummy (16)]
   948 | Ossuary  | Mangled by a mummy

Action                   |  1- 3 |  4- 6 || total
-------------------------+-------+-------++-------
Melee: Quarterstaff      |    49 |   114 ||   163
       Staff             |       |     7 ||     7
Throw: Throwing net      |       |     1 ||     1
Evoke: Wand              |     1 |     3 ||     4
  Use: Potion            |     1 |     1 ||     2
       Scroll            |       |     1 ||     1
